| TOP OF THE 1ST |
|
Miami Whales batting - Pitching for Cocoa Flyers : RHP Jose Ortiz
|
|
Pitching: RHP Jose Ortiz
|
|
|
Batting: SHB Ramon Alcantara
|
0-0: Called Strike 0-1: Foul Ball, location: 2F 0-2: Ball 1-2: Ball 2-2: Ball 3-2: Strikes out looking
|
|
Batting: RHB Donald Hubbard
|
0-0: Called Strike 0-1: Called Strike 0-2: Ball 1-2: Foul Ball, location: 2F 1-2: Fly out, F2 (Popup, 5SF, EV 78.8 MPH)
|
|
Batting: RHB Tom Grant
|
0-0: Ground out 6-3 (Groundball, 6, EV 100.6 MPH)
|
| Top of the 1st over - 0 runs, 0 hits, 0 errors, 0 left on base; Miami 0 - Cocoa 0 |
| BOTTOM OF THE 1ST |
|
Cocoa Flyers batting - Pitching for Miami Whales : RHP Jose Reyes
|
|
Pitching: RHP Jose Reyes
|
|
|
Batting: RHB Danny Arroyo
|
0-0: Ball 1-0: Fly out, F8 (Flyball, 89D, EV 100.0 MPH)
|
|
Batting: RHB Lorenzo Quintanilla
|
0-0: Ground out 6-3 (Groundball, 6S, EV 90.6 MPH)
|
|
Batting: LHB Gary Robertson
|
0-0: Ball 1-0: Ball 2-0: Ground out 4-3 (Groundball, 4, EV 83.8 MPH)
|
| Bottom of the 1st over - 0 runs, 0 hits, 0 errors, 0 left on base; Miami 0 - Cocoa 0 |
| TOP OF THE 2ND |
|
Miami Whales batting - Pitching for Cocoa Flyers : RHP Jose Ortiz
|
|
Batting: LHB Lorenzo Bundy
|
0-0: Ball 1-0: Ball 2-0: Called Strike 2-1: Ball 3-1: Base on Balls
|
|
Batting: RHB Steve Benson
|
0-0: Called Strike 0-1: Called Strike 0-2: Ball 1-2: Strikes out swinging
|
|
Batting: LHB Brad Garnett
|
0-0: Called Strike 0-1: Ball 1-1: Ball 2-1: Ball 3-1: Foul Ball, location: 2F 3-2: Foul Ball, location: 2F 3-2: Fly out, F8 (Flyball, 89XD, EV 81.9 MPH)
|
|
Batting: RHB Ramon Cardenas
|
0-0: Ball 1-0: Fly out, F8 (Line Drive, 8RM, EV 101.9 MPH)
|
| Top of the 2nd over - 0 runs, 0 hits, 0 errors, 1 left on base; Miami 0 - Cocoa 0 |
| BOTTOM OF THE 2ND |
|
Cocoa Flyers batting - Pitching for Miami Whales : RHP Jose Reyes
|
|
Batting: RHB Larry McNutt
|
0-0: Called Strike 0-1: Foul Ball, location: 2F 0-2: Foul Ball, location: 2F 0-2: Foul Ball, location: 2F 0-2: SINGLE (Line Drive, 4D, EV 108.1 MPH)
|
|
Batting: SHB Rick Lockwood
|
0-0: Swinging Strike 0-1: Ball 1-1: Foul Ball, location: 2F 1-2: Foul Ball, location: 2F 1-2: Ball 2-2: Fly out, F6 (Flyball, 56D, EV 85.6 MPH)
|
|
Batting: RHB Johnny Salery
|
0-0: Called Strike 0-1: SINGLE (Groundball, 4MD, EV 107.5 MPH) Larry McNutt to second Runner from 2nd tries for 3rd, SAFE, no throw by CF
|
|
Batting: RHB Jorge Diaz
|
0-0: Called Strike 0-1: Ball Johnny Salery steals 2nd base 1-1: Reached on error, E5 (Groundball, 15, EV 86.3 MPH) Larry McNutt scores Johnny Salery to third
|
|
Batting: RHB Miguel Dominguez
|
0-0: Ball 1-0: Ball 2-0: Fly out, F9 (Flyball, 9, EV 88.1 MPH) Runner from 3rd tags up, SCORES, no throw by RF
|
|
Batting: RHB David McClure
|
0-0: Called Strike 0-1: Ball 1-1: Ball 2-1: Ball 3-1: Base on Balls Jorge Diaz to second
|
|
Batting: RHB Danny Arroyo
|
0-0: Ball 1-0: Swinging Strike 1-1: Fielders Choice at 2nd, 6-4 (Groundball, 6, EV 86.3 MPH)
|
| Bottom of the 2nd over - 2 runs, 2 hits, 1 error, 2 left on base; Miami 0 - Cocoa 2 |
| TOP OF THE 3RD |
|
Miami Whales batting - Pitching for Cocoa Flyers : RHP Jose Ortiz
|
|
Batting: SHB Philip Rossi
|
0-0: Swinging Strike 0-1: Ball 1-1: Ball 2-1: Fly out, F7 (Line Drive, 7, EV 100.6 MPH)
|
|
Batting: RHB Patrick Rubino
|
0-0: Ball 1-0: DOUBLE (Flyball, 89D, EV 112.5 MPH)
|
|
Batting: SHB Ramon Alcantara
|
0-0: Ground out 6-3 (Groundball, 6, EV 85.0 MPH) Patrick Rubino to third
|
|
Batting: RHB Donald Hubbard
|
0-0: Ground out 4-3 (Groundball, 4, EV 101.3 MPH)
|
| Top of the 3rd over - 0 runs, 1 hit, 0 errors, 1 left on base; Miami 0 - Cocoa 2 |
| BOTTOM OF THE 3RD |
|
Cocoa Flyers batting - Pitching for Miami Whales : RHP Jose Reyes
|
|
Batting: RHB Lorenzo Quintanilla
|
0-0: Fly out, F7 (Flyball, 7D, EV 80.0 MPH)
|
|
Batting: LHB Gary Robertson
|
0-0: Ball 1-0: Foul Ball, location: 2F 1-1: Foul Ball, location: 2F 1-2: Foul Ball, location: 2F 1-2: Ball 2-2: Foul Ball, location: 2F 2-2: Foul Ball, location: 2F 2-2: Foul Ball, location: 2F 2-2: Foul Ball, location: 2F 2-2: SINGLE (Groundball, 56, EV 106.3 MPH)
|
|
Batting: RHB Larry McNutt
|
0-0: Ball 1-0: Foul Ball, location: 2F 1-1: Ball 2-1: Ball 3-1: Base on Balls Gary Robertson to second
|
|
Batting: SHB Rick Lockwood
|
0-0: Called Strike 0-1: Swinging Strike 0-2: Foul Ball, location: 2F 0-2: Ball 1-2: Ball 2-2: Ball 3-2: Fly out, F4 (Flyball, 3D, EV 91.9 MPH)
|
|
Batting: RHB Johnny Salery
|
0-0: Called Strike 0-1: Swinging Strike 0-2: Foul Ball, location: 2F 0-2: Reached on error, E5 (Groundball, 5, EV 83.1 MPH) Gary Robertson to third Larry McNutt to second
|
|
Batting: RHB Jorge Diaz
|
0-0: Swinging Strike 0-1: Ball 1-1: Ball 2-1: Ball 3-1: Fly out, F9 (Flyball, 9LS, EV 88.8 MPH)
|
| Bottom of the 3rd over - 0 runs, 1 hit, 1 error, 3 left on base; Miami 0 - Cocoa 2 |
| TOP OF THE 4TH |
|
Miami Whales batting - Pitching for Cocoa Flyers : RHP Jose Ortiz
|
|
Batting: RHB Tom Grant
|
0-0: Fly out, F7 (Line Drive, 7, EV 91.9 MPH)
|
|
Batting: LHB Lorenzo Bundy
|
0-0: Foul Ball, location: 2F 0-1: Fly out, F7 (Flyball, 7, EV 95.0 MPH)
|
|
Batting: RHB Steve Benson
|
0-0: Called Strike 0-1: Ball 1-1: Foul Ball, location: 2F 1-2: Ball 2-2: Foul Ball, location: 2F 2-2: Strikes out swinging
|
| Top of the 4th over - 0 runs, 0 hits, 0 errors, 0 left on base; Miami 0 - Cocoa 2 |
| BOTTOM OF THE 4TH |
|
Cocoa Flyers batting - Pitching for Miami Whales : RHP Jose Reyes
|
|
Batting: RHB Miguel Dominguez
|
0-0: Called Strike 0-1: Ground out U3 (Groundball, 34, EV 104.4 MPH)
|
|
Batting: RHB David McClure
|
0-0: Ball 1-0: Ball 2-0: DOUBLE (Flyball, 8LXD, EV 90.0 MPH)
|
|
Batting: RHB Danny Arroyo
|
0-0: Foul Ball, location: 2F 0-1: DOUBLE (Line Drive, 89D, EV 115.0 MPH) David McClure scores
|
|
Batting: RHB Lorenzo Quintanilla
|
0-0: Ball 1-0: Ball 2-0: Ball 3-0: Called Strike 3-1: Ground out 4-3 (Groundball, 4, EV 81.9 MPH) Danny Arroyo to third
|
|
Batting: LHB Gary Robertson
|
0-0: Ball 1-0: Ball 2-0: Called Strike 2-1: Swinging Strike 2-2: Ball 3-2: Strikes out swinging
|
| Bottom of the 4th over - 1 run, 2 hits, 0 errors, 1 left on base; Miami 0 - Cocoa 3 |
| TOP OF THE 5TH |
|
Miami Whales batting - Pitching for Cocoa Flyers : RHP Jose Ortiz
|
|
Batting: LHB Brad Garnett
|
0-0: Ball 1-0: DOUBLE (Line Drive, 89D, EV 101.3 MPH)
|
|
Batting: RHB Ramon Cardenas
|
0-0: Called Strike 0-1: Swinging Strike 0-2: SINGLE (Groundball, 56S, EV 65.6 MPH) (infield hit) Brad Garnett to third
|
|
Batting: SHB Philip Rossi
|
0-0: Called Strike 0-1: Ball 1-1: Ball 2-1: Swinging Strike 2-2: Grounds into double play, 4-6-3 (Groundball, 4, EV 83.8 MPH) Brad Garnett scores
|
|
Batting: RHB Patrick Rubino
|
0-0: Ball 1-0: Ball 2-0: Ball 3-0: Base on Balls
|
|
Batting: SHB Ramon Alcantara
|
0-0: Ball 1-0: Foul Ball, location: 2F 1-1: Foul Ball, location: 2F 1-2: Ball 2-2: Foul Ball, location: 2F 2-2: Fielders Choice at 2nd, 6-4 (Groundball, 6D, EV 100.6 MPH)
|
| Top of the 5th over - 1 run, 2 hits, 0 errors, 1 left on base; Miami 1 - Cocoa 3 |
| BOTTOM OF THE 5TH |
|
Cocoa Flyers batting - Pitching for Miami Whales : RHP Jose Reyes
|
|
Batting: RHB Larry McNutt
|
0-0: Ball 1-0: Ball 2-0: Ground out 6-3 (Groundball, 6, EV 86.9 MPH)
|
|
Batting: SHB Rick Lockwood
|
0-0: Called Strike 0-1: Fly out, F3 (Popup, 3SF, EV 66.3 MPH)
|
|
Batting: RHB Johnny Salery
|
0-0: Ball 1-0: Ball 2-0: Foul Ball, location: 2F 2-1: Ball 3-1: Fly out, F7 (Line Drive, 7D, EV 90.6 MPH)
|
| Bottom of the 5th over - 0 runs, 0 hits, 0 errors, 0 left on base; Miami 1 - Cocoa 3 |
| TOP OF THE 6TH |
|
Miami Whales batting - Pitching for Cocoa Flyers : RHP Jose Ortiz
|
|
Batting: RHB Donald Hubbard
|
0-0: Foul Ball, location: 2F 0-1: Swinging Strike 0-2: Ball 1-2: Ball 2-2: Strikes out swinging
|
|
Batting: RHB Tom Grant
|
0-0: Ball 1-0: Foul Ball, location: 2F 1-1: Swinging Strike 1-2: Foul Ball, location: 2F 1-2: Ground out U3 (Groundball, 34, EV 80.6 MPH)
|
|
Batting: LHB Lorenzo Bundy
|
0-0: Ball 1-0: Ball 2-0: Ball 3-0: Base on Balls
|
|
Batting: RHB Steve Benson
|
0-0: Ball 1-0: Ball 2-0: Ball 3-0: Base on Balls Lorenzo Bundy to second
|
|
Batting: LHB Brad Garnett
|
0-0: Ball 1-0: Fly out, F7 (Flyball, 78M, EV 86.9 MPH)
|
| Top of the 6th over - 0 runs, 0 hits, 0 errors, 2 left on base; Miami 1 - Cocoa 3 |
| BOTTOM OF THE 6TH |
|
Cocoa Flyers batting - Pitching for Miami Whales : RHP Jose Reyes
|
|
Batting: RHB Jorge Diaz
|
0-0: Called Strike 0-1: Swinging Strike 0-2: Ball 1-2: Foul Ball, location: 2F 1-2: Foul Ball, location: 2F 1-2: Strikes out swinging
|
|
Batting: RHB Miguel Dominguez
|
0-0: Fly out, F8 (Flyball, 8LD, EV 88.8 MPH)
|
|
Batting: RHB David McClure
|
0-0: Swinging Strike 0-1: Ball 1-1: Swinging Strike 1-2: Ball 2-2: Ball 3-2: Strikes out looking
|
| Bottom of the 6th over - 0 runs, 0 hits, 0 errors, 0 left on base; Miami 1 - Cocoa 3 |
| TOP OF THE 7TH |
|
Miami Whales batting - Pitching for Cocoa Flyers : RHP Jose Ortiz
|
|
Batting: RHB Ramon Cardenas
|
0-0: Foul Ball, location: 2F 0-1: Foul Ball, location: 2F 0-2: Fly out, F7 (Line Drive, 7, EV 103.1 MPH)
|
|
Batting: SHB Philip Rossi
|
0-0: Ball 1-0: Called Strike 1-1: SINGLE (Groundball, 4MS, EV 72.5 MPH) (infield hit)
|
|
Batting: RHB Patrick Rubino
|
0-0: Foul Ball, location: 2F 0-1: Ball 1-1: Ball 2-1: Called Strike 2-2: Ball 3-2: Strikes out swinging Philip Rossi steals 2nd base Batter strikes out.
|
|
Batting: SHB Ramon Alcantara
|
0-0: Ball 1-0: Called Strike 1-1: Swinging Strike 1-2: Ball 2-2: Ball 3-2: Strikes out swinging
|
| Top of the 7th over - 0 runs, 1 hit, 0 errors, 1 left on base; Miami 1 - Cocoa 3 |
| BOTTOM OF THE 7TH |
|
Cocoa Flyers batting - Pitching for Miami Whales : RHP Jose Reyes
|
|
Batting: RHB Danny Arroyo
|
0-0: Called Strike 0-1: Ball 1-1: Fly out, F8 (Flyball, 8LS, EV 88.1 MPH)
|
|
Batting: RHB Lorenzo Quintanilla
|
0-0: Ball 1-0: Fly out, F6 (Popup, 6D, EV 55.6 MPH)
|
|
Batting: LHB Gary Robertson
|
0-0: Ball 1-0: Called Strike 1-1: Foul Ball, location: 2F 1-2: Fly out, F6 (Popup, 4MS, EV 77.5 MPH)
|
| Bottom of the 7th over - 0 runs, 0 hits, 0 errors, 0 left on base; Miami 1 - Cocoa 3 |
| TOP OF THE 8TH |
|
Miami Whales batting - Pitching for Cocoa Flyers : RHP Jose Ortiz
|
|
Batting: RHB Donald Hubbard
|
0-0: Ball 1-0: Ball 2-0: Ground out U3 (Groundball, 3S, EV 81.9 MPH)
|
|
Batting: RHB Tom Grant
|
0-0: Called Strike 0-1: Ball 1-1: Foul Ball, location: 2F 1-2: SINGLE (Line Drive, 6MD, EV 96.9 MPH)
|
|
Batting: LHB Lorenzo Bundy
|
0-0: Called Strike 0-1: Ball 1-1: Ball 2-1: Foul Ball, location: 2F 2-2: Ball 3-2: Fly out, F9 (Flyball, 9, EV 90.0 MPH)
|
|
Batting: RHB Steve Benson
|
0-0: Called Strike 0-1: Ball 1-1: Foul Ball, location: 2F 1-2: Ground out 4-3 (Groundball, 4, EV 110.6 MPH)
|
| Top of the 8th over - 0 runs, 1 hit, 0 errors, 1 left on base; Miami 1 - Cocoa 3 |
| BOTTOM OF THE 8TH |
|
Cocoa Flyers batting - Pitching for Miami Whales : RHP Jose Reyes
|
|
Batting: RHB Larry McNutt
|
0-0: Ball 1-0: Called Strike 1-1: Ball 2-1: Ground out 6-3 (Groundball, 6M, EV 86.3 MPH)
|
|
Batting: SHB Rick Lockwood
|
0-0: Ball 1-0: Ball 2-0: Foul Ball, location: 2F 2-1: Ball 3-1: SINGLE (Line Drive, 3D, EV 110.0 MPH)
|
|
Batting: RHB Johnny Salery
|
0-0: Ball 1-0: SINGLE (Groundball, 56S, EV 98.1 MPH) Rick Lockwood to second
|
|
Batting: RHB Jorge Diaz
|
0-0: Foul Ball, location: 2F 0-1: Ball 1-1: SINGLE (Groundball, 56, EV 107.5 MPH) Rick Lockwood to third Johnny Salery to second Runner from 3rd tries for Home, SAFE, throw by LF to home
|
|
Batting: RHB Miguel Dominguez
|
0-0: SINGLE (Groundball, 34D, EV 96.3 MPH) Johnny Salery to third Jorge Diaz to second Runner from 3rd tries for Home, SAFE, throw by RF to home
|
|
Batting: RHB David McClure
|
0-0: Called Strike 0-1: Ball 1-1: Ball 2-1: Swinging Strike 2-2: Fly out, F8 (Flyball, 8RXD, EV 95.6 MPH) Runner from 2nd tags up, SAFE at 3rd, no throw by CF
|
|
Batting: RHB Danny Arroyo
|
0-0: Foul Ball, location: 2F 0-1: Ball 1-1: Swinging Strike 1-2: Strikes out swinging
|
| Bottom of the 8th over - 2 runs, 4 hits, 0 errors, 2 left on base; Miami 1 - Cocoa 5 |
| TOP OF THE 9TH |
|
Miami Whales batting - Pitching for Cocoa Flyers : RHP Jose Ortiz
|
|
Batting: LHB Brad Garnett
|
0-0: Foul Ball, location: 2F 0-1: Ball 1-1: Ball 2-1: Called Strike 2-2: Fly out, F8 (Flyball, 78XD, EV 102.5 MPH)
|
|
Batting: RHB Ramon Cardenas
|
0-0: Ball 1-0: Called Strike 1-1: Ball 2-1: Foul Ball, location: 2F 2-2: Foul Ball, location: 2F 2-2: Ground out 6-3 (Groundball, 6, EV 89.4 MPH)
|
|
Batting: SHB Philip Rossi
|
0-0: Swinging Strike 0-1: Ball 1-1: Ground out 1-3 (Groundball, P, EV 68.8 MPH)
|
| Top of the 9th over - 0 runs, 0 hits, 0 errors, 0 left on base; Miami 1 - Cocoa 5 |
|